 Dungeon Crawl Stone Soup version 0.25-a0-523-g9afb2ee040 (webtiles) character file.

Game seed: 16978868687596829593, levelgen mode: deterministic

19365 Flugslaktarn the Blocker (level 12, -17/116 HPs)
             Began as a Deep Dwarf Fighter on Feb 18, 2020.
             Was a High Priest of Makhleb.
             Killed from afar by a wizard (22 damage)
             ... with a bolt of lightning
             ... on level 14 of the Dungeon.
             The game lasted 00:08:47 (8219 turns).

Flugslaktarn the Blocker (Deep Dwarf Fighter)       Turns: 8219, Time: 00:08:48

Health: -17/116    AC: 26    Str: 25    XL:     12   Next: 35%
Magic:  7/7        EV:  8    Int:  4    God:    Makhleb [*****.]
Gold:   476        SH: 13    Dex: 12    Spells: 11/11 levels left

rFire    + . .     SeeInvis .   u - +3 hand axe (distort)
rCold    + + +     Gourm    .   c - +0 kite shield
rNeg     . . .     Faith    .   v - +8 chain mail of the Game of Life {+Fly rC+++ Int-5 Slay-3}
rPois    .         Spirit   .   M - +1 helmet
rElec    .         Reflect  .   C - scarf {rC+ rF+}
rCorr    .         Harm     .   j - +2 pair of gloves
MR       +....                  (no boots)
Stlth    ..........             (no amulet)
HPRegen  0.00/turn              s - ring of flight
MPRegen  0.10/turn              (no ring)

@: non-regenerating
A: damage resistance, heal wounds, sense surroundings 2, no regeneration
a: Heal Wounds, Minor Destruction, Lesser Servant of Makhleb, Major Destruction,
Greater Servant of Makhleb, Renounce Religion, Evoke Flight


You were on level 14 of the Dungeon.
You worshipped Makhleb.
Makhleb was extremely pleased with you.
You were not hungry.

You visited 2 branches of the dungeon, and saw 15 of its levels.

You collected 710 gold pieces.
You spent 234 gold pieces at shops.

Inventory:

Hand Weapons
 a - a +0 war axe
 u - a +3 hand axe of distortion (weapon)
   (You found it on level 5 of the Dungeon)
 H - a cursed +4 hand axe
   (You took it off a wight on level 8 of the Dungeon)
Armour
 b - the +0 pair of gloves of Hepliaklqana's Whim {Int+8}
   (You found it on level 13 of the Dungeon)

   It affects your intelligence (+8).
   If you switch to wearing this armour, your AC will decrease by 2 (26 -> 24).
 c - a +0 kite shield (worn)
 j - a +2 pair of gloves (worn)
   (You found it on level 3 of the Dungeon)
 v - the +8 chain mail of the Game of Life (worn) {+Fly rC+++ Int-5 Slay-3}
   (You found it on level 13 of the Dungeon)

   It affects your intelligence (-5).
   It affects your accuracy and damage with ranged weapons and melee attacks
   (-3).
   It renders you almost immune to cold.
   It lets you fly.
   If you remove this armour, your AC will decrease by 20 (26 -> 6).
 y - a +0 cloak
   (You took it off Crazy Yiuf on level 6 of the Dungeon)
 C - a scarf of resistance (worn)
   (You found it on level 13 of the Dungeon)
 K - a +0 plate armour of cold resistance
   (You found it on level 9 of the Dungeon)
 L - the +0 cloak of Conscience {rPois MR- Regen+ Int+6}
   (You found it on level 9 of the Dungeon)

   It affects your intelligence (+6).
   It protects you from poison.
   It affects your resistance to hostile enchantments.
   It increases your rate of regeneration.
   If you switch to wearing this armour, your AC will increase by 1 (26 -> 27).
 M - a +1 helmet (worn)
   (You found it on level 9 of the Dungeon)
Jewellery
 s - a ring of flight (left hand)
   (You found it on level 12 of the Dungeon)
Wands
 E - a wand of paralysis (28)
   (You found it on level 7 of the Dungeon)
 F - a wand of iceblast (24)
   (You found it on level 8 of the Dungeon)
Scrolls
 h - 3 scrolls of magic mapping
 p - a scroll of enchant armour
 r - 2 scrolls of enchant weapon
 t - 8 scrolls of teleportation
 x - 2 scrolls of immolation
 z - a scroll of blinking
Potions
 d - 2 potions of might
 f - 3 potions of lignification
 g - a potion of flight
 i - a potion of haste {unknown}
 k - 2 potions of ambrosia
 l - 3 potions of brilliance
 m - 2 potions of cancellation
 n - 2 potions of resistance
 q - 5 potions of curing
 A - a potion of stabbing
 B - a potion of mutation {unknown}
 D - 2 potions of magic
 N - 2 potions of heal wounds
 O - a potion of berserk rage
Comestibles
 e - 30 rations
 o - 3 chunks of flesh


   Skills:
 + Level 9.7 Fighting
 + Level 11.1 Axes
 + Level 11.4 Armour
 + Level 11.4 Shields
 + Level 6.1 Invocations


You had 11 spell levels left.
You didn't know any spells.
Your spell library was empty.

Dungeon Overview and Level Annotations

Branches:
Dungeon (14/15)            Temple (1/1) D:5            Lair (0/6) D:8
    Orc (0/2) D:12         Vaults (0/5) D:13

Altars:
Dithmenos
Fedhas
Hepliaklqana
Makhleb
Nemelex Xobeh
Sif Muna
Trog
Vehumet
The Shining One

Shops:
D:4 :   D:11 !   D:12 *

Portals:
Abyss: D:13

Annotations:
D:4 exclusion: door
D:10 1 runed translucent door, derval's ghost, journeyman DEIE
D:11 Urug
D:13 2 transporters, EnegeticOcto's ghost, journeyman DDFi
Abyss:1 Joseph; Nergalle


Innate Abilities, Weirdness & Mutations

You are resistant to damage.
You can heal yourself by infusing magical energy.
You passively map the area around you.
You do not regenerate.


Message History

There is a strange disturbance nearby!
No target in view!
No target in view!
No target in view!
No target in view!
No target in view!
You hear some strange, mumbled words.
A bolt of lightning appears from out of thin air!
The bolt of lightning hits you!!
* * * LOW HITPOINT WARNING * * *
You enter the shallow water.
Moving in this stuff is going to be slow.
Something hits you but does no damage. x2
You barely miss something.
You hear some strange, mumbled words.
A bolt of lightning appears from out of thin air!
The bolt of lightning hits you!!
* * * LOW HITPOINT WARNING * * *
The bolt of lightning hits you!!
You die...

* .# ##.., * **** * #>##.)...
, ,, , #.#...≈≈≈≈ * * #
##...≈≈≈≈≈≈≈≈≈.## *
#.####..≈≈≈≈≈≈≈≈≈≈≈..# ,
#......≈≈≈≈≈≈≈≈≈≈≈≈≈.#
####.#.≈≈≈≈≈≈_≈≈≈≈≈≈.#
#.#.{≈≈≈≈≈≈≈≈≈≈≈≈.###
#.#.@≈≈≈≈≈≈≈≈≈≈≈..... *
*########.##..≈≈≈≈≈≈≈≈≈......
,,
...............≈≈≈≈)........
,.#####.####.......†....##..
##>#.###.÷###......###.( *
#.###.....# ######## #.. * ,
##>#.###.## ##.. , #.#####.##
#.# #... *, #.......# #.#
#)..


There were no monsters in sight!

Vanquished Creatures
  Erica (D:10)
  A centaur warrior (D:12)
  An orc knight (D:13)
  An orc sorcerer (D:13)
  A gargoyle (D:13)
  A komodo dragon (D:12)
  A redback zombie (D:13)
  2 trolls (D:12)
  3 slime creatures (D:13)
  Prince Ribbit (D:7)
  2 hippogriffs (D:12)
  Sigmund (D:5)
  A wraith (D:12)
  A spriggan (D:7)
  A wyvern (D:4)
  A yak (shapeshifter) (D:13)
  14 yaks
  A hungry ghost (D:12)
  A human (D:13)
  Menkaure (D:7)
  2 vampire mosquitoes (D:14)
  Edmund (D:5)
  A water moccasin (D:6)
  A porcupine (D:8)
  5 ice beasts
  7 orc warriors
  3 phantoms
  2 sky beasts
  2 black bears
  An eye of draining (D:13)
  A necrophage (D:8)
  7 ogres
  A crocodile (D:14)
  7 centaurs
  2 big kobolds
  6 bullfrogs
  Blork the orc (D:6)
  A gnoll sergeant (D:8)
  A scorpion (D:8)
  16 killer bees
  6 wights (D:8)
  2 howler monkeys
  3 crimson imps
  3 bullfrog zombies
  3 hounds
  2 centaur skeletons
  A gnoll shaman (D:9)
  2 jellies
  15 orc priests
  12 orc wizards
  Crazy Yiuf (D:6)
  3 iguanas
  12 worker ants
  6 ogre zombies (D:12)
  A mummy (D:5)
  9 gnolls
  7 adders
  3 shadow imps
  2 oozes
  3 adder skeletons
  3 worms
  2 leopard geckos
  52 orcs
  4 bats
  6 goblins
  9 jackals
  4 quokkas
  2 frilled lizards
  3 goblin zombies (D:12)
  A hobgoblin skeleton (D:12)
  3 hobgoblin zombies
  A jackal skeleton (D:7)
  17 kobolds
  2 kobold zombies (D:5)
  2 orc skeletons (D:12)
  17 orc zombies
  3 rats
  2 fungi
334 creatures vanquished.

Vanquished Creatures (collateral kills)
  Maurice (D:11)
1 creature vanquished.

Vanquished Creatures (others)
  An ogre mage (D:13)
  3 two-headed ogres
  An orc knight (D:13)
  A gargoyle (D:13)
  A troll (D:11)
  A slime creature (D:13)
  A wraith (D:12)
  2 yaks
  A two-headed ogre zombie (D:12)
  2 orc warriors (D:10)
  A centaur (D:11)
  A big kobold (D:8)
  A troll zombie (D:12)
  A killer bee (D:12)
  2 wights (D:8)
  An orc priest (D:12)
  A jelly (D:9)
  An orc wizard (D:12)
  3 gnolls
  An orc (D:13)
  4 fungi
31 creatures vanquished.

Grand Total: 366 creatures vanquished

Notes
Turn   | Place    | Note
-------+----------+-------------------------------------------
     0 | D:1      | Flugslaktarn the Deep Dwarf Fighter began the quest for the
                  | Orb.
     0 | D:1      | Reached XP level 1. HP: 20/20 MP: 1/1
   156 | D:1      | Reached XP level 2. HP: 25/27 MP: 2/2
   277 | D:2      | Reached XP level 3. HP: 21/34 MP: 3/3
   629 | D:4      | Found Peur's Book Emporium.
   636 | D:4      | Reached XP level 4. HP: 35/42 MP: 4/4
   687 | D:4      | Noticed an ice beast
   698 | D:4      | Reached XP level 5. HP: 35/49 MP: 5/5
   704 | D:4      | Killed an ice beast
   770 | D:4      | Reached XP level 6. HP: 55/57 MP: 4/4
   840 | D:4      | Found a shadowy altar of Dithmenos.
   933 | D:4      | Reached skill level 5 in Shields
   991 | D:4      | Found a bloodstained altar of Trog.
   991 | D:4      | Found a radiant altar of Vehumet.
  1000 | D:4      | Found a sparkling altar of Nemelex Xobeh.
  1003 | D:4      | Noticed a wyvern
  1028 | D:4      | Killed a wyvern
  1028 | D:4      | Reached skill level 5 in Armour
  1028 | D:4      | Reached XP level 7. HP: 31/66 MP: 4/4
  1216 | D:4      | Found a shimmering blue altar of Sif Muna.
  1287 | D:5      | Entered Level 5 of the Dungeon
  1314 | D:5      | Reached skill level 5 in Axes
  1350 | D:5      | Noticed Sigmund
  1389 | D:5      | Killed Sigmund
  1389 | D:5      | Reached skill level 5 in Fighting
  1425 | D:5      | Reached XP level 8. HP: 46/74 MP: 5/5
  1452 | D:5      | Noticed Edmund
  1478 | D:5      | Killed Edmund
  1695 | D:5      | Found a staircase to the Ecumenical Temple.
  1913 | Temple   | Entered the Ecumenical Temple
  1922 | Temple   | Became a worshipper of Makhleb the Destroyer
  2335 | D:6      | Noticed Blork the orc
  2341 | D:6      | Killed Blork the orc
  2552 | D:6      | Found a runed translucent door.
  2553 | D:6      | Noticed Crazy Yiuf
  2558 | D:6      | Killed Crazy Yiuf
  2609 | D:7      | Noticed Prince Ribbit
  2621 | D:7      | Noticed Menkaure
  2666 | D:7      | Found Cewuax Boeg's Gadget Shoppe.
  2741 | D:7      | Noticed Joseph
  2763 | D:7      | Killed Prince Ribbit
  2763 | D:7      | Gained mutation: You passively map the area around you.
                  | [Deep Dwarf growth]
  2763 | D:7      | Reached XP level 9. HP: 57/82 MP: 3/3
  2831 | D:7      | Killed Menkaure
  2836 | D:7      | Banished Joseph
  2851 | D:7      | Reached * piety under Makhleb
  3450 | D:8      | Reached XP level 10. HP: 79/94 MP: 4/4
  3510 | D:8      | Reached ** piety under Makhleb
  3592 | D:8      | Found a staircase to the Lair.
  3967 | D:9      | Got a warped cloak
  3978 | D:9      | Identified the cursed +0 cloak of Conscience {rPois MR-
                  | Regen+ Int+6} (You found it on level 9 of the Dungeon)
  4460 | D:9      | Found a hazy altar of Hepliaklqana.
  4475 | D:10     | Entered Level 10 of the Dungeon
  4646 | D:10     | Noticed a two-headed ogre
  4730 | D:10     | Noticed Erica
  4792 | D:10     | Killed Erica
  4978 | D:10     | Banished a two-headed ogre
  4978 | D:10     | Reached skill level 10 in Armour
  4978 | D:10     | Reached skill level 10 in Shields
  4978 | D:10     | Reached XP level 11. HP: 51/104 MP: 5/5
  5058 | D:10     | Reached *** piety under Makhleb
  5100 | D:10     | Found a runed translucent door.
  5113 | D:10     | Noticed derval's ghost (journeyman DEIE)
  5332 | D:11     | Noticed Urug
  5445 | D:11     | Noticed Nergalle
  5445 | D:11     | Noticed a two-headed ogre
  5452 | D:11     | Paralysed by an orc for 3 turns
  5456 | D:11     | Banished Nergalle
  5516 | D:11     | Found Giqumips's Distillery.
  5521 | D:11     | Bought a potion of heal wounds for 65 gold pieces
  5521 | D:11     | Bought a potion of cancellation for 104 gold pieces
  5521 | D:11     | Bought a potion of berserk rage for 65 gold pieces
  5586 | D:11     | Reached skill level 10 in Axes
  5703 | D:11     | Found Rudiul's Magic Scroll Boutique.
  5876 | D:11     | Noticed Maurice
  5877 | D:11     | Paralysed by Maurice for 4 turns
  5890 | D:11     | Paralysed by Maurice for 6 turns
  5935 | D:11     | Noticed a two-headed ogre
  6305 | D:11     | Reached skill level 1 in Invocations
  6394 | D:11     | Killed Maurice
  6516 | D:12     | Found a staircase to the Orcish Mines.
  6526 | D:12     | Reached **** piety under Makhleb
  6849 | D:12     | Noticed a two-headed ogre
  6853 | D:12     | Banished a two-headed ogre
  6900 | D:12     | Found Gaacs's Goods Gallery.
  7189 | D:12     | Noticed a centaur warrior
  7196 | D:12     | Killed a centaur warrior
  7295 | D:13     | Got a pair of twisted gloves
  7306 | D:13     | Identified the cursed +0 pair of gloves of Hepliaklqana's
                  | Whim {Int+8} (You found it on level 13 of the Dungeon)
  7361 | D:13     | Reached ***** piety under Makhleb
  7427 | D:13     | Reached XP level 12. HP: 115/115 MP: 8/8
  7524 | D:13     | Reached skill level 5 in Invocations
  7577 | D:13     | Got a pitted chain mail
  7594 | D:13     | Identified the +8 chain mail of the Game of Life {+Fly
                  | rC+++ Int-5 Slay-3} (You found it on level 13 of the
                  | Dungeon)
  7612 | D:13     | Found a transporter.
  7760 | D:13     | Noticed a vault guard
  7822 | D:13     | Noticed an ogre mage
  7836 | D:13     | Banished an ogre mage
  7854 | D:13     | Found a gate to the Vaults.
  7854 | D:13     | Noticed a vault guard
  8022 | D:13     | Noticed EnegeticOcto's ghost (journeyman DDFi)
  8022 | D:13     | Noticed a crystal guardian
  8028 | D:13     | Found a transporter.
  8030 | D:13     | Found a one-way gate to the infinite horrors of the Abyss.
  8046 | D:13     | Noticed a brown very ugly thing
  8057 | D:13     | Identified the cursed +0 great mace of Iwyrr {distort, rN+}
  8135 | D:14     | Found a glowing golden altar of the Shining One.
  8195 | D:14     | Noticed a two-headed ogre
  8209 | D:14     | Banished a two-headed ogre
  8219 | D:14     | HP: 5/116 [something/bolt of lightning (19)]
  8219 | D:14     | Killed from afar by a wizard

Levels and vault maps discovered:
D:1:      zaba_arrival_water, layout_loops_ring, roderic_roman_lattice,
          chequers_serial_rivers_room_b
D:2:      layout_rooms, first_ration, feat_on_display
D:3:      layout_basic, zin_angel
D:4:      layout_basic, nicolae_dithmenos_shadow_blocks,
          nicolae_overflow_hidden_temple, serial_shops, shop, minivault_4,
          led_sif_book
D:5:      layout_rooms, minmay_temple_entry_waves, minmay_mini_ossuary,
          uniq_sigmund, uniq_edmund
D:6:      layout_loops_cross, uniq_crazy_yiuf_cottage, uniq_blork_the_orc
D:7:      layout_cave_pools, serial_shops, shop, the_bakery,
          uniq_prince_ribbit1, uniq_menkaure, uniq_joseph
D:8:      layout_rooms, grunt_lair_entry_orc_guard_hut
D:9:      layout_roguey, kennysheep_little_box
D:10:     layout_basic, gammafunk_ghost_grave, uniq_erica
D:11:     layout_stronghold, serial_shops, nicolae_shop_behind_doors, shop,
          uniq_nergalle, uniq_maurice, uniq_urug
D:12:     layout_long_grid, zombieorc2_lemuel, nicolae_alphabet_shops
D:13:     layout_rooms, grunt_vaults_entry_fortified,
          gammafunk_ghost_abyssal_escape, st_stairs_3,
          chequers_serial_rivers_small_b
D:14:     minmay_the_grid_triangle_9x9_recursive_2_mashed
          [minmay_the_grid_triangle_9x9_prize_insulated,
          minmay_the_grid_triangle_9x9_alien,
          minmay_the_grid_triangle_9x9_steps,
          minmay_the_grid_triangle_9x9_descending_squares], layout_loops_ring,
          lemuel_mausoleum_altar_yredelemnul, gauntlet_entry_generic,
          lemuel_altar_in_water
Temple:   nicolae_temple_elliptical

Skill      XL: |  1  2  3  4  5  6  7  8  9 10 11 12 |
---------------+-------------------------------------+-----
Fighting       | 3 4 5 6 7 8 9 |  9.7
Axes           | 3 4 5 6 8 9 10 11 | 11.1
Armour         | 4 5 6 7 8 10 11 | 11.4
Shields        | 4 5 6 7 8 10 11 | 11.4
Invocations    | 4 6 |  6.1

Action                   |  1- 3 |  4- 6 |  7- 9 | 10-12 || total
-------------------------+-------+-------+-------+-------++-------
Melee: War axe           |   130 |   107 |    96 |       ||   333
       Hand axe          |       |       |   217 |   886 ||  1103
Invok: Lesser Servant of |       |       |       |     2 ||     2
 Abil: Heal Wounds       |     1 |    10 |    11 |    16 ||    38
Evoke: Wand              |       |       |       |     3 ||     3
  Use: Scroll            |       |       |       |    23 ||    23
  Eat: Chunk             |       |     1 |     8 |    16 ||    25
       Ration            |       |       |       |     1 ||     1
Armor: Scale mail        |    56 |    45 |   117 |    11 ||   229
       Plate armour      |       |       |       |   241 ||   241
       Chain mail        |       |       |       |    55 ||    55
Dodge: Dodged            |    46 |    43 |    81 |   146 ||   316
Block: Kite shield       |    76 |    77 |   152 |   386 ||   691

Table legend:
 A = Non-vault XP
 B = Vault XP
 C = Vault XP percentage of total XP
 D = Non-vault monster count
 E = Vault monster count
 F = Vault count percentage of total count
                 A         B        C        D         E       F
            +---------+---------+-------+---------+---------+-------
      Total |   19978 |    7687 |  27.8 |     297 |      65 |  18.0
            +---------+---------+-------+---------+---------+-------
        D:1 |      12 |       0 |   0.0 |       8 |       0 |   0.0
        D:2 |      37 |       0 |   0.0 |      16 |       0 |   0.0
        D:3 |      37 |       0 |   0.0 |       9 |       0 |   0.0
        D:4 |     840 |       0 |   0.0 |      22 |       0 |   0.0
        D:5 |     471 |     411 |  46.6 |      20 |       7 |  25.9
        D:6 |     590 |     126 |  17.6 |      14 |       2 |  12.5
        D:7 |     637 |    1070 |  62.7 |      20 |       4 |  16.7
        D:8 |    1232 |     572 |  31.7 |      27 |       5 |  15.6
        D:9 |    2259 |       0 |   0.0 |      37 |       0 |   0.0
       D:10 |    3033 |     939 |  23.6 |      28 |       1 |   3.4
       D:11 |    1928 |     799 |  29.3 |      27 |       2 |   6.9
       D:12 |    4774 |     700 |  12.8 |      39 |      35 |  47.3
       D:13 |    2640 |    3070 |  53.8 |      20 |       9 |  31.0
       D:14 |    1488 |       0 |   0.0 |      10 |       0 |   0.0
            +---------+---------+-------+---------+---------+-------
